 Dungeon Crawl Stone Soup version 0.29-a0-1052-g6990b1bffc (webtiles) character file.

Game seed: 2560073714906069958

72 nicolae the Shield-Bearer (level 4, 37/37 HPs)
             Began as a Palentonga Fighter on Aug 17, 2022.
             Quit the game on level 2 of the Dungeon.
             The game lasted 00:02:09 (2074 turns).

nicolae the Shield-Bearer (Palentonga Fighter)      Turns: 2074, Time: 00:02:09

Health: 37/37      AC:  8    Str: 24    XL:     4   Next: 7%
Magic:  4/4        EV:  5    Int:  8    God:
Gold:   59         SH:  4    Dex: 11    Spells: 3/3 levels left

rFire   . . .      SeeInvis +   a - +0 war axe
rCold   . . .      Faith    .   c - +0 buckler
rNeg    . . .      Spirit   .   j - +0 chain mail
rPois   .          Reflect  .   (no helmet)
rElec   .          Harm     .   (no cloak)
rCorr   .          Rampage  .   f - +0 pair of gloves
Will    .....                   (no barding)
Stlth   ..........              (no amulet)
HPRegen 0.12/turn               (no ring)
MPRegen 0.09/turn               (no ring)

@: no status effects
A: large, rugged brown scales 3, see invisible, deformed body, roll 1, armoured
tail, thin skeletal structure 1, inability to drink after injury 1
a: Rolling Charge


You were on level 2 of the Dungeon.
You visited 1 branch of the dungeon, and saw 2 of its levels.

You collected 59 gold pieces.

Inventory:

Hand Weapons
 a - a +0 war axe (weapon)
Armour
 c - a +0 buckler (worn)
 f - a +0 pair of gloves (worn)
 j - a +0 chain mail (worn)
Scrolls
 b - 3 scrolls of amnesia
 e - a scroll of poison
 g - a scroll of blinking {unknown}
 i - a scroll of identify {unknown}
 k - a scroll of noise {unknown}
 l - a scroll of teleportation {unknown}
Potions
 d - a potion of might
 h - a potion of flight
 m - a potion of degeneration {unknown}
 n - a potion of heal wounds {unknown}


   Skills:
 - Level 3.0 Fighting
 + Level 3.3 Axes
 - Level 2.4 Armour
 + Level 3.7 Shields


You had 3 spell levels left.
You didn't know any spells.
Your spell library was empty.

Dungeon Overview and Level Annotations

Branches:
Dungeon (2/15)

Altars:


Innate Abilities, Weirdness & Mutations

You are completely covered in rugged brown scales. (AC +3, +7% HP)
You have supernaturally acute eyesight. (SInv)
Armour fits poorly on your strangely shaped body.
You can roll at nearby foes to attack.
You have a long armoured tail.
You have a somewhat thin skeletal structure. (Dex +2, Stealth+)
You occasionally lose the ability to drink potions when taking damage.


Message History

The adder bites you but does no damage.
You miss the adder.
The adder is heavily wounded.
The adder bites you but does no damage. The adder completely misses you.
You closely miss the adder.
The adder is heavily wounded.
The adder bites you but does no damage. The adder barely misses you.
You barely miss the adder.
The adder is heavily wounded.
The adder barely misses you. x2
You barely miss the adder.
The adder is heavily wounded.
The adder bites you but does no damage.
You hit the adder but do no damage.
Your tail-slap misses the adder.
The adder is heavily wounded.
The adder bites you but does no damage. x2
You hit the adder but do no damage.
The adder is moderately wounded.
You are starting to lose your buoyancy.
The adder bites you but does no damage. x2
You hit the adder.
The adder is heavily wounded.
The adder bites you but does no damage. The adder completely misses you.
You barely miss the adder.
The adder is heavily wounded.
The adder bites you but does no damage.
You miss the adder. You tail-slap the adder.
You kill the adder!
You have reached level 4!
You feel stronger.
You float gracefully downwards.
m - a coppery potion
Found 6 stones.
Found a stone staircase leading up.
Found 5 stones.
You see here 5 stones.
n - a fizzy brown potion
Found a trident.
You see here a +1 hat.
Are you sure you want to abandon this character and quit the game? (Confirm with "yes".)

...##.###.#.#.....
##.......(......##
##...#.........#.#
......<..........#
.####.........###
#####....###.##
#.....#.## ..#
##...###.# .?..
#8@..8#... ..?
##...##.... #...#
.... #..)# ####
⌠...8 ##...##
#...# #....


There were no monsters in sight!

Vanquished Creatures
  4 adders (D:2)
  A gnoll (D:1)
  A dart slug (D:1)
  2 endoplasms (D:1)
  3 giant cockroaches
  4 goblins (D:1)
  4 hobgoblins (D:1)
  2 kobolds (D:1)
  2 ball pythons
  A bat (D:1)
  A frilled lizard (D:1)
25 creatures vanquished.

Notes
Turn   | Place    | Note
-------+----------+-------------------------------------------
     0 | D:1      | nicolae the Palentonga Fighter began the quest for the Orb.
     0 | D:1      | Reached XP level 1. HP: 19/19 MP: 1/1
     7 | D:1      | Noticed a black bear
     7 | D:1      | Noticed an eight-headed hydra
     7 | D:1      | Noticed a lindwurm
     8 | D:1      | Noticed a black mamba
   149 | D:1      | Reached XP level 2. HP: 22/25 MP: 2/2
   751 | D:1      | Reached XP level 3. HP: 27/31 MP: 3/3
   826 | D:1      | Found a faded altar of an unknown god.
  1793 | D:2      | Gained mutation: You occasionally lose the ability to drink
                  | potions when taking damage. [potion of mutation]
  1793 | D:2      | Gained mutation: You have a somewhat thin skeletal
                  | structure. (Dex +2, Stealth+) [potion of mutation]
  1811 | D:2      | Reached XP level 4. HP: 9/37 MP: 4/4
  2074 | D:2      | Quit the game

Illustrated notes

Levels and vault maps discovered:
D:1:      onia_arrival_zoo_common, layout_loops_ring,
          shapermc_ecumenical_altar_acropolis
D:2:      layout_rooms, serial_corexii_hall, corexii_hall_statues_l,
          corexii_hall_statues_l, chequers_hall_statues_corner_a,
          chequers_hall_statues_corner_a, kennysheep_generic_room_6

Skill      XL: |  1  2  3 |
---------------+----------+-----
Shields        | 3 |  3.7
Axes           | 3 |  3.3
Fighting       | |  3.0
Armour         | |  2.4

Action                   |  1- 3 |  4- 6 || total
-------------------------+-------+-------++-------
Melee: War axe           |    97 |       ||    97
       Tailslap          |     9 |       ||     9
 Abil: Rolling Charge    |     1 |       ||     1
  Use: Scroll            |     2 |       ||     2
       Potion            |     2 |       ||     2
Armor: Scale mail        |     6 |       ||     6
       Chain mail        |    57 |       ||    57
Dodge: Dodged            |    28 |       ||    28
Block: Buckler           |    15 |       ||    15

Table legend: (Time is in decaauts)
 A = Elapsed time spent in this place.
 B = Non-inter-level travel time spent in this place.
 C = Inter-level travel time spent in this place.
 D = Time resting spent in this place.
 E = Time spent auto-exploring this place.
 F = Levels seen in this place.
 G = Mean time per level.
                   A        B        C        D        E       F      G
               +--------+--------+--------+--------+--------+-----+--------+
         Total |   2111 |   2076 |     35 |    300 |   1531 |   2 | 1055.5 |
       Dungeon |   2111 |   2076 |     35 |    300 |   1531 |   2 | 1055.5 |
               +--------+--------+--------+--------+--------+-----+--------+

Top non-repeatable levels by time:
     D:1: 1461 daAuts
     D:2: 650 daAuts
